 Dungeon Crawl Stone Soup version 0.15-a0-110-gb05c47c (webtiles) character file.

1451 Mitsuki the Conjurer (level 8, 0/46 HPs)
             Began as a High Elf Conjurer on Apr 10, 2014.
             Was a High Priest of Cheibriados.
             Slain by an ice beast (7 damage)
             ... on Level 6 of the Dungeon.
             The game lasted 00:34:19 (6963 turns).

Mitsuki the Conjurer (High Elf Conjurer)            Turns: 6963, Time: 00:34:20

HP   0/46        AC  4     Str 19      XL: 8   Next: 12%
MP   0/20        EV 13     Int 33      God: Cheibriados [*****.]
Gold 329         SH  0     Dex 26      Spells:  2 memorised,  8 levels left

rFire  . . .     SeeInvis .     (no weapon)
rCold  . . .     Clarity  .     a - +0 robe
rNeg   . . .     Conserve .     (no shield)
rPois  .         rCorr    +     (no helmet)
rElec  .         rRot     .     e - +1 cloak
SustAb . .       Spirit   .     (no gloves)
rMut   .         Warding  .     (no boots)
Saprov . . .     Stasis   .     z - amulet of resist corrosion
MR     .....                    o - +1 ring of intelligence
                                m - ring of flight

@: very slow, not resistant to hostile enchantments, stealthy
A: no striking features
a: Bend Time, Temporal Distortion, Slouch, Step From Time, Renounce Religion,
Evoke Flight


You were on level 6 of the Dungeon.
You worshipped Cheibriados.
Cheibriados was extremely pleased with you.
You were hungry.

You visited 2 branches of the dungeon, and saw 7 of its levels.

You collected 329 gold pieces.

Inventory:

Armour
 a - a +0 robe (worn)
 e - a +1 cloak (worn)
 x - a +0 fire dragon armour
Comestibles
 b - 2 bread rations
Scrolls
 f - a scroll of magic mapping {unknown}
 h - 6 scrolls of remove curse
 k - 2 scrolls of teleportation
 q - a scroll of fog {unknown}
 t - 2 scrolls of immolation
 A - a scroll of blinking {unknown}
Jewellery
 m - a ring of flight (left hand)
 n - an uncursed ring of ice
 o - a +1 ring of intelligence (right hand)
 p - an uncursed amulet of warding
 y - an uncursed ring of ice
 z - an amulet of resist corrosion (around neck)
Potions
 d - a potion of flight
 i - a potion of mutation {unknown}
 j - a potion of berserk rage {unknown}
 l - a potion of curing
 s - a potion of restore abilities
 u - a potion of agility
 w - a potion of might
Books
 c - a book of Conjurations

   Spells                             Type                      Level
   *Magic Dart                        Conjuration                  1
   Searing Ray                        Conjuration                  2
   Dazzling Spray                     Conjuration/Hexes            3
   Fulminant Prism                    Conjuration/Hexes            4
   Iskenderun's Mystic Blast          Conjuration                  4
   *Iskenderun's Battlesphere         Conjuration/Charms           5
 r - a book of Summonings

   Spells                             Type                      Level
   Abjuration                         Summoning                    3
   Recall                             Summoning/Translocation      3
   Summon Elemental                   Summoning                    4
   Shadow Creatures                   Summoning                    5
   Summon Demon                       Summoning                    5
   Monstrous Menagerie                Summoning                    6


   Skills:
 - Level 2.1 Dodging
 - Level 2.1 Stealth
 - Level 3.9 Spellcasting
 + Level 10.8 Conjurations
 * Level 0.7 Invocations


You had 8 spell levels left.
You knew the following spells:

 Your Spells              Type           Power        Failure   Level  Hunger
a - Magic Dart            Conj           ####         1%          1    None
b - Iskenderun's Battles  Conj/Chrm      #####...     21%         5    #####..


Dungeon Overview and Level Annotations

Branches:
Dungeon (6/15)             Temple (1/1) D:4

Altars:
Cheibriados
Fedhas
Makhleb
Nemelex Xobeh
Sif Muna
Vehumet

Shops:
D:4 (


Message History

Casting: Magic Dart
Confirm with . or Enter, or press ? or * to list all spells.
Aiming: Magic Dart
Press: ? - help, Shift-Dir - straight line, f/p - ice beast
Aim: an ice beast (almost dead)
The magic dart hits the ice beast.
The ice beast is almost dead.
The ice beast closely misses you.
Casting: Magic Dart
Confirm with . or Enter, or press ? or * to list all spells.
Aiming: Magic Dart
Press: ? - help, Shift-Dir - straight line, f/p - ice beast
Aim: an ice beast (almost dead)
The magic dart hits the ice beast.
The ice beast is almost dead.
The ice beast barely misses you. The ice beast hits you.
* * * LOW HITPOINT WARNING * * *
The ice beast freezes you!
You die...

#### #####
#####)..###########...###
........I@..............#
..###...#....#####.<....#
######....###........##
........................
#######...###...##.##..
#####...####.#...
#...####.#...
#...#....#...
##...........


You could see an ice beast.

Vanquished Creatures
  A phantom (D:6)
  2 centaurs (D:6)
  A giant frog (D:6)
  A scorpion (D:6)
  3 crimson imps (D:5)
  A goliath beetle (D:6)
  A hound (D:4)
  A jelly (D:3)
  2 orc wizards (D:5)
  4 worker ants
  3 iguanas
  A hound skeleton (D:4)
  Terence (D:2)
  11 adders
  7 gnolls
  A giant mite (D:3)
  A shadow imp (D:6)
  An adder skeleton (D:4)
  9 orcs
  A ball python (D:5)
  8 bats
  A bat skeleton (D:4)
  2 giant cockroaches (D:1)
  16 goblins
  10 hobgoblins
  21 jackals
  13 kobolds
  5 quokkas
  2 giant geckos
  2 giant newts
  12 rats
  A rat zombie (D:5)
146 creatures vanquished.

Notes
Turn   | Place    | Note
--------------------------------------------------------------
     0 | D:1      | Mitsuki, the High Elf Conjurer, began the quest for the Orb.
     0 | D:1      | Reached XP level 1. HP: 11/11 MP: 4/4
   228 | D:1      | Reached XP level 2. HP: 17/17 MP: 3/6
   315 | D:1      | Reached skill level 5 in Conjurations
   744 | D:1      | Reached XP level 3. HP: 21/21 MP: 4/8
   952 | D:2      | Found a snail-covered altar of Cheibriados.
   984 | D:2      | Became a worshipper of Cheibriados the Contemplative
  1213 | D:2      | Reached skill level 6 in Conjurations
  1221 | D:2      | Reached XP level 4. HP: 27/27 MP: 4/11
  1324 | D:2      | Noticed Terence
  1344 | D:2      | Killed Terence
  2257 | D:3      | Reached XP level 5. HP: 31/31 MP: 9/13
  2549 | D:3      | Reached skill level 7 in Conjurations
  3003 | D:3      | Found a blossoming altar of Fedhas.
  3004 | D:3      | Found a sparkling altar of Nemelex Xobeh.
  3063 | D:4      | Found Delaan's Antique Weapon Shop.
  3090 | D:4      | Learned a level 5 spell: Iskenderun's Battlesphere
  3241 | D:4      | Reached XP level 6. HP: 34/36 MP: 13/18
  3342 | D:4      | Found a staircase to the Ecumenical Temple.
  3358 | Temple   | Entered the Ecumenical Temple
  3527 | D:4      | Acquired Cheibriados' first power
  3869 | D:4      | Reached skill level 8 in Conjurations
  4040 | D:5      | Entered Level 5 of the Dungeon
  4556 | D:5      | Acquired Cheibriados' second power
  4906 | D:5      | Reached XP level 7. HP: 41/41 MP: 17/19
  5209 | D:5      | Reached skill level 9 in Conjurations
  5886 | D:6      | Reached skill level 10 in Conjurations
  6499 | D:6      | Acquired Cheibriados' third power
  6499 | D:6      | Reached XP level 8. HP: 46/46 MP: 13/20
  6915 | D:6      | Got a fine marble ring
  6916 | D:6      | Identified the ring of Free Expression {+Inv Str-1 Dex+3 Int-3} (You found it on level 6 of the Dungeon)
  6963 | D:6      | Slain by an ice beast

Action                   |  1- 3 |  4- 6 |  7- 9 || total
-------------------------+-------+-------+-------++-------
 Cast: Magic Dart        |    60 |   206 |   107 ||   373
       Iskenderun's Batt |       |     7 |    17 ||    24
  Use: Potion            |     1 |     1 |     8 ||    10
       Scroll            |       |    10 |     1 ||    11
